 Dungeon Crawl Stone Soup version 0.25-a0-246-g58704a1ebd (webtiles) character file.

Game seed: 17144455218360216889, levelgen mode: classic

7144 Borgoz the Slicer (level 11, -11/71 HPs)
             Began as a Kobold Berserker on Dec 3, 2019.
             Was an Elder of Trog.
             Mangled by an orc warrior
             ... wielding a +2 glaive of flaming
              (16 damage)
             ... on level 8 of the Dungeon.
             The game lasted 00:20:40 (10954 turns).

Borgoz the Slicer (Kobold Berserker)               Turns: 10954, Time: 00:20:40

Health: -11/71     AC: 14    Str: 17    XL:     11   Next: 31%
Magic:  14/14      EV: 20    Int:  9    God:    Trog [****..]
Gold:   521        SH:  0    Dex: 15    Spells: 10/10 levels left

rFire    + . .     SeeInvis .   b - +2 dagger (speed)
rCold    . . .     Gourm    .   (shield restricted)
rNeg     . . .     Faith    .   E - +4 ring mail
rPois    .         Spirit   .   (no helmet)
rElec    .         Reflect  .   (no cloak)
rCorr    .         Harm     .   d - +0 pair of gloves
MR       .....                  u - +1 pair of boots {Stlth+}
Stlth    +++.......             p - amulet of the acrobat
HPRegen  0.21/turn              x - ring of protection from fire
MPRegen  0.14/turn              (no ring)

@: berserk cooldown, slowed, very slow
A: small, carnivore
a: Berserk, Trog's Hand, Brothers in Arms, Renounce Religion


You were on level 8 of the Dungeon.
You worshipped Trog.
Trog was greatly pleased with you.
You were full.

You visited 1 branch of the dungeon, and saw 8 of its levels.
You also visited: Bailey.

You collected 521 gold pieces.

Inventory:

Hand Weapons
 a - a +2 dagger of holy wrath
 b - a +2 dagger of speed (weapon)
 A - a +0 rapier
 G - the cursed +1 mace "Huicwuk" {drain, rF+ Str+3 Int+2}
   (You took it off an orc in a bailey)

   A truly terrible weapon, it drains the life of those it strikes.
   It affects your strength (+3).
   It affects your intelligence (+2).
   It protects you from fire.
   It has a curse placed upon it.
Missiles
 y - 2 throwing nets (quivered)
Armour
 d - a +0 pair of gloves (worn)
 u - a +1 pair of boots of stealth (worn)
 E - a +4 ring mail (worn)
Jewellery
 p - an amulet of the acrobat (around neck)
 x - a ring of protection from fire (left hand)
Wands
 z - a wand of flame (13)
 B - a wand of random effects (12)
 C - a wand of polymorph (5)
Scrolls
 g - a scroll of fear
 k - 4 scrolls of teleportation
 l - 6 scrolls of remove curse
 m - 3 scrolls of fog
 q - a scroll of blinking
 F - 3 scrolls of enchant weapon
Potions
 e - a potion of flight
 i - 3 potions of heal wounds {unknown}
 j - a potion of cancellation
 n - 2 potions of mutation
 o - 3 potions of haste
 r - 2 potions of lignification {unknown}
 s - a potion of magic {unknown}
 t - a potion of agility {unknown}
 v - 2 potions of berserk rage
 w - a potion of resistance
 D - a potion of brilliance {unknown}
Comestibles
 c - 26 rations


   Skills:
 + Level 9.3 Fighting
 + Level 10.9 Short Blades
 + Level 6.8 Armour
 + Level 9.7 Dodging
 - Level 5.3 Stealth
 + Level 4.7 Evocations


You had 10 spell levels left.
You didn't know any spells.
Your spell library was empty.

Dungeon Overview and Level Annotations

Branches:
Dungeon (8/15)             Temple (0/1) D:4          Bailey (visited)
   Lair: D:8-11

Altars:
Ashenzari
Gozag
Hepliaklqana
Kikubaaqudgha
Nemelex Xobeh
Ru
Trog
Uskayaw
Wu Jian
Yredelemnul


Innate Abilities, Weirdness & Mutations

You are small and have problems with some larger weapons.
You are carnivorous and can eat meat at any time.


Message History

The orc warrior burns you.
The orc priest hits you but does no damage.
You are too injured to fight recklessly!
You are too injured to fight recklessly!
You are too injured to fight recklessly!
You are too injured to fight recklessly!
You are too injured to fight recklessly!
You are too injured to fight recklessly!
You are too injured to fight recklessly!
The orc warrior closely misses you. The orc closely misses you.
The orc warrior hits you from afar with a +2 glaive of flaming!!
* * * LOW HITPOINT WARNING * * *
The orc warrior burns you.
* * * LOW HITPOINT WARNING * * *
The orc priest invokes the aid of Beogh against you.
Pain shoots through your body!
* * * LOW HITPOINT WARNING * * *
There is a stone staircase leading up, spattered with blood here.
The orc warrior hits you from afar with a +2 glaive of flaming!
You die...

#..#####.)).....#### #.#
###.#.......# #.#
#..#.......# #.#
##.##.......# #######.#
####))##.......#
.....##.###....###.......##
.>....#.....##.#..........#
.##.##..#####.oo.#........#
##...####....[oo@.........#
#...†.##...##)####..)._.(.#
..)..÷÷#.####[# ###......#
..._)....####÷## #......#
....÷..#.##..[)# ###....#
#.....##[O...#.# ######
##...##......#o.#
.##.##......###o#
............#


oo You could see an orc warrior, an orc priest and 2 orcs.

Vanquished Creatures
  Harold (D:7)
  A two-headed ogre (D:3)
  Pikel (D:5)
  An orc knight (Bailey)
  A hippogriff (D:8)
  A human (D:7)
  4 hogs (D:7)
  Eustachio (D:5)
  A basilisk (D:8)
  2 porcupines (D:8)
  11 orc warriors
  2 ice beasts
  4 slaves (D:5)
  2 sky beasts
  A necrophage (D:6)
  7 ogres
  A crocodile (D:8)
  Blork the orc (D:6)
  3 bullfrogs
  A wyvern skeleton (D:8)
  2 scorpions
  2 howler monkeys
  3 crimson imps
  A quasit (D:8)
  A jelly (D:8)
  An orc priest (D:6)
  4 hounds
  2 centaur skeletons
  4 orc wizards
  2 iguanas
  Natasha (thrice) (D:2)
  6 worker ants
  11 adders
  2 shadow imps
  An adder zombie (D:6)
  5 worms
  2 dart slugs
  4 leopard geckos
  35 orcs
  A ball python (D:5)
  9 bats
  6 giant cockroaches
  10 goblins
  10 hobgoblins
  12 jackals
  6 kobolds
  A quokka (D:2)
  6 frilled lizards
  10 rats
209 creatures vanquished.

Vanquished Creatures (others)
  3 bushes (D:8)
  6 fungi (D:8)
  14 plants (D:8)
23 creatures vanquished.

Grand Total: 232 creatures vanquished

Notes
Turn   | Place    | Note
-------+----------+-------------------------------------------
     0 | D:1      | Borgoz the Kobold Berserker began the quest for the Orb.
     0 | D:1      | Reached XP level 1. HP: 14/14 MP: 1/1
    55 | D:1      | Reached XP level 2. HP: 19/19 MP: 2/2
   352 | D:1      | Reached XP level 3. HP: 23/23 MP: 3/3
   873 | D:2      | Reached ** piety under Trog
   873 | D:2      | Reached XP level 4. HP: 29/29 MP: 4/4
   978 | D:2      | Found a bloodstained altar of Trog.
  1159 | D:2      | Noticed Natasha
  1179 | D:2      | Killed Natasha
  1369 | D:2      | Found a sparkling altar of Nemelex Xobeh.
  1423 | D:2      | Found a basalt altar of Yredelemnul.
  1746 | D:2      | Reached XP level 5. HP: 33/33 MP: 5/5
  1889 | D:2      | Reached skill level 5 in Short Blades
  2378 | D:2      | Noticed Natasha
  2392 | D:2      | Killed Natasha
  2544 | D:3      | HP: 2/51 [worm (8)]
  2839 | D:3      | Found an ancient bone altar of Kikubaaqudgha.
  3290 | D:2      | Noticed Natasha
  3301 | D:2      | Killed Natasha
  3301 | D:2      | Reached XP level 6. HP: 39/39 MP: 6/6
  3665 | D:3      | Found a faded altar of an unknown god.
  3671 | D:3      | Noticed a two-headed ogre
  3766 | D:3      | Killed a two-headed ogre
  3766 | D:3      | Reached skill level 5 in Fighting
  3766 | D:3      | Reached skill level 6 in Short Blades
  3766 | D:3      | Reached skill level 5 in Dodging
  3766 | D:3      | Reached XP level 7. HP: 10/45 MP: 7/7
  3766 | D:3      | Reached XP level 8. HP: 11/51 MP: 8/8
  3804 | D:3      | Reached *** piety under Trog
  4324 | D:4      | Reached skill level 7 in Short Blades
  4946 | D:4      | Found an opulent altar of Gozag.
  5096 | D:4      | Found a hazy altar of Hepliaklqana.
  5204 | D:4      | Found a staircase to the Ecumenical Temple.
  5652 | D:5      | Entered Level 5 of the Dungeon
  5889 | D:5      | Reached XP level 9. HP: 43/56 MP: 9/9
  6075 | D:5      | Reached skill level 8 in Short Blades
  6171 | D:5      | Noticed Eustachio
  6191 | D:5      | Killed Eustachio
  6464 | D:5      | Noticed Pikel
  6512 | D:5      | Killed Pikel
  6512 | D:5      | Reached skill level 5 in Armour
  7013 | D:6      | Noticed Blork the orc
  7035 | D:6      | Killed Blork the orc
  7138 | D:6      | Reached skill level 9 in Short Blades
  7298 | D:6      | Found a sacrificial altar of Ru.
  7344 | D:6      | Found an opulent altar of Gozag.
  7502 | D:6      | Reached XP level 10. HP: 59/63 MP: 10/10
  7998 | D:7      | Found a hide-covered altar of Uskayaw.
  8134 | D:7      | Reached **** piety under Trog
  8134 | D:7      | Reached skill level 1 in Stealth
  8386 | D:7      | Noticed Harold
  8404 | D:7      | Killed Harold
  8405 | D:7      | Found a flagged portal.
  8448 | Bailey   | Entered a bailey
  8470 | Bailey   | Reached skill level 10 in Short Blades
  9302 | Bailey   | Identified the cursed +1 mace "Huicwuk" {drain, rF+ Str+3
                  | Int+2}
  9314 | Bailey   | Noticed an orc knight
  9333 | Bailey   | Killed an orc knight
  9672 | D:7      | Reached XP level 11. HP: 69/69 MP: 13/13
  9714 | D:8      | Found an ornate altar of the Wu Jian Council.
  9813 | D:8      | Found a shattered altar of Ashenzari.
  9895 | D:8      | Reached skill level 5 in Stealth
 10954 | D:8      | Mangled by an orc warrior

Levels and vault maps discovered:
D:1:      dpeg_arrival_stone_temple_mockup, layout_basic
D:2:      layout_basic, nicolae_overflow_hidden_temple,
          nicolae_overflow_crystal_walls, nemelex_xobeh_ov_fountains_minmay,
          uniq_natasha
D:3:      layout_basic, old_standard_altar,
          chequers_ecumenical_altar_simple_redux, first_ration,
          minmay_fractal_squares_diagonal_5
D:4:      layout_layer_cave, kennysheep_mini, minmay_temple_entry_arrows,
          kennysheep_flooded_box
D:5:      layout_cave_pods, minmay_holes, uniq_eustachio, uniq_pikel
D:6:      wander_river, layout_basic,
          nicolae_gozag_cash_rules_everything_around_me, basic_altar,
          uniq_blork_the_orc
D:7:      layout_rooms, eat_drink_and_be_merry_uskayaw, enter_bailey_3,
          grunt_livestock, uniq_harold
D:8:      layout_rooms, gammafunk_temple_overflow_forgotten, lemuel_round_altar,
          xom_redecorated, kennysheep_little_box, minmay_lair_entry_grove,
          special_room [special_room_orc], basic_altar

Skill      XL: |  1  2  3  4  5  6  7  8  9 10 11 |
---------------+----------------------------------+-----
Armour         | 2 3 4 5 6 |  6.8
Dodging        | 3 4 5 6 8 9 |  9.7
Fighting       | 4 5 6 7 8 9 |  9.3
Short Blades   | 5 6 7 9 10 | 10.9
Stealth        | 4 5 |  5.3
Evocations     | 3 4 |  4.7

Action                   |  1- 3 |  4- 6 |  7- 9 | 10-12 || total
-------------------------+-------+-------+-------+-------++-------
Melee: Short sword       |    32 |       |       |       ||    32
       Dagger            |   106 |   431 |   457 |   599 ||  1593
Invok: Berserk           |     1 |     7 |     9 |    12 ||    29
       Trog's Hand       |       |     2 |     1 |     3 ||     6
Evoke: Wand              |       |       |       |    13 ||    13
  Use: Scroll            |       |     2 |    16 |     1 ||    19
       Potion            |       |       |       |     3 ||     3
 Stab: Sleeping          |     1 |     1 |       |     4 ||     6
  Eat: Chunk             |     9 |    14 |    23 |    21 ||    67
Armor: Animal skin       |    32 |    59 |    20 |     6 ||   117
       Ring mail         |       |       |       |    37 ||    37
Dodge: Dodged            |   105 |   211 |   220 |   237 ||   773

Table legend:
 A = Non-vault XP
 B = Vault XP
 C = Vault XP percentage of total XP
 D = Non-vault monster count
 E = Vault monster count
 F = Vault count percentage of total count
                 A         B        C        D         E       F
            +---------+---------+-------+---------+---------+-------
      Total |    4653 |    5554 |  54.4 |     154 |      51 |  24.9
            +---------+---------+-------+---------+---------+-------
        D:1 |      40 |       0 |   0.0 |      21 |       0 |   0.0
        D:2 |     162 |      36 |  18.2 |      35 |       1 |   2.8
        D:3 |     995 |       6 |   0.6 |      28 |       5 |  15.2
        D:4 |     607 |       0 |   0.0 |      18 |       0 |   0.0
        D:5 |     362 |     813 |  69.2 |       7 |       2 |  22.2
        D:6 |     892 |      96 |   9.7 |      20 |       1 |   4.8
        D:7 |     484 |    1972 |  80.3 |       9 |      10 |  52.6
        D:8 |    1111 |    1151 |  50.9 |      16 |      18 |  52.9
     Bailey |       0 |    1480 | 100.0 |       0 |      14 | 100.0
            +---------+---------+-------+---------+---------+-------
